 Dungeon Crawl Stone Soup version 0.18-a0-1683-gf9322e6 (webtiles) character file.

158 Sargon the Cudgeler (level 5, 0/32 HPs)
             Began as a Gargoyle Fighter on Apr 3, 2016.
             Was a Follower of Vehumet.
             Slain by an adder zombie (2 damage)
             ... on level 5 of the Dungeon.
             The game lasted 00:05:05 (1533 turns).

Sargon the Cudgeler (Gargoyle Fighter)              Turns: 1533, Time: 00:05:06

Health: 0/32       AC: 10    Str: 23    XL:     5   Next: 40%
Magic:  5/5        EV:  7    Int:  8    God:    Vehumet [*.....]
Gold:   162        SH:  9    Dex: 10    Spells: 0 memorised, 4 levels left

rFire  . . .     SeeInvis .     h - -3 mace (curse)
rCold  . . .     Gourm    .     b - +0 scale mail
rNeg   + . .     Faith    .     c - +0 shield
rPois  ∞         Spirit   .     (no helmet)
rElec  +         Dismiss  .     (no cloak)
rCorr  .         Reflect  .     (no gloves)
SustAt +         Harm     .     (no boots)
MR     .....                    (no amulet)
Stlth  ..........               m - +3 ring of strength
                                e - ring of sustain attributes

@: not resistant to hostile enchantments, extremely unstealthy
A: negative energy resistance 1, electricity resistance, unbreathing,
petrification resistance, rot immunity, AC +4
a: Renounce Religion


You were on level 5 of the Dungeon.
You worshipped Vehumet.
Vehumet was aware of your devotion.
You were hungry.

You visited 1 branch of the dungeon, and saw 5 of its levels.

You collected 162 gold pieces.

Inventory:

Hand Weapons
 a - a +0 flail
 h - a cursed -3 mace (weapon)
 k - a +0 mace
Armour
 b - a +0 scale mail (worn)
 c - a +0 shield (worn)
Jewellery
 e - a ring of sustain attributes (left hand)
 m - a +3 ring of strength (right hand)
 s - an uncursed ring of protection from magic {unknown}
 u - a +5 amulet of reflection {unknown}
Scrolls
 i - 2 scrolls of recharging
 l - 2 scrolls of enchant armour
 o - 2 scrolls of fear
 p - a scroll of enchant weapon {unknown}
 r - a scroll of immolation {unknown}
 t - a scroll of identify
Potions
 d - a potion of might
 g - a potion of berserk rage {unknown}
 j - a potion of curing
Comestibles
 f - 3 bread rations
 n - 2 chunks of flesh
 q - 2 meat rations


   Skills:
 - Level 3.2 Fighting
 + Level 5.4 Maces & Flails
 - Level 3.2 Armour
 - Level 3.2 Shields


You had 4 spell levels left.
You didn't know any spells.

Dungeon Overview and Level Annotations

Branches:
Dungeon (5/15)
 Temple: D:4-7

Altars:
Vehumet

Annotations:
D:3 Sargon's ghost, novice GrFi
D:4 Natasha


Innate Abilities, Weirdness & Mutations

You are resistant to torment.
Your stone body is resilient (AC +4).
You are immune to poison.
You resist negative energy.
You are resistant to electric shocks.
You can survive without breathing.
You are immune to petrification.
You are immune to rotting.


Message History

The adder bites you but does no damage.
You barely miss the adder.
The adder is severely wounded.
The adder barely misses you. The adder zombie bites you.
* * * LOW HITPOINT WARNING * * *
You block the adder's attack.
The adder zombie bites you but does no damage.
You hit the adder but do no damage.
The adder is severely wounded.
You block the adder's attack. The adder zombie bites you.
* * * LOW HITPOINT WARNING * * *
You barely miss the adder.
The adder is severely wounded.
You block the adder's attack.
The adder zombie bites you but does no damage.
You block the adder's attack.
You closely miss the adder.
The adder is severely wounded.
The adder zombie bites you.
You die...

# # ## #.###
....##.##......
#.....Z@...#
.##....S...#
#####.#.#.#
##...## # ##


You could see an adder and an adder zombie.

Vanquished Creatures
  Jessica (D:3)
  7 adders
  2 oozes
  A worm (D:2)
  4 dart slugs
  3 giant geckos
  7 hobgoblins
  10 jackals
  A quokka (D:3)
  2 bats
  3 giant newts
  4 goblins
  3 kobolds (D:2)
  5 rats
53 creatures vanquished.

Notes
Turn   | Place    | Note
--------------------------------------------------------------
     0 | D:1      | Sargon the Gargoyle Fighter began the quest for the Orb.
     0 | D:1      | Reached XP level 1. HP: 14/14 MP: 1/1
   133 | D:1      | Reached XP level 2. HP: 15/19 MP: 2/2
   241 | D:1      | Reached skill level 3 in Maces & Flails
   625 | D:2      | Reached XP level 3. HP: 23/23 MP: 3/3
   783 | D:2      | Reached skill level 4 in Maces & Flails
   867 | D:2      | Reached XP level 4. HP: 28/28 MP: 4/4
   893 | D:2      | Found a faded altar to an unknown god.
   914 | D:2      | Became a worshipper of Vehumet
   914 | D:2      | Reached * piety under Vehumet
   914 | D:2      | Offered knowledge of Magic Dart by Vehumet.
  1233 | D:3      | Noticed Jessica
  1244 | D:3      | Killed Jessica
  1244 | D:3      | Reached skill level 5 in Maces & Flails
  1244 | D:3      | Reached XP level 5. HP: 28/32 MP: 5/5
  1427 | D:3      | Noticed Sargon's ghost (novice GrFi)
  1460 | D:4      | Noticed Natasha
  1523 | D:5      | Entered Level 5 of the Dungeon
  1533 | D:5      | Slain by an adder zombie

Vault maps used:
D:1:      elethiomel_arrival_maze
D:2:      ecumenical_altar_1
D:3:      uniq_jessica
D:4:      corexii_shack_village, serial_shops, nicolae_shop_waterfront,
          first_bread, uniq_duvessa, uniq_natasha
D:5:      minmay_temple_entry_fiery, uniq_crazy_yiuf_cottage

Skill      XL: |  1  2  3  4 |
---------------+-------------+-----
Maces & Flails | 3 4 5 |  5.4
Fighting       | |  3.2
Armour         | |  3.2
Shields        | |  3.2

Action                   |  1- 3 |  4- 6 || total
-------------------------+-------+-------++-------
Melee: Flail             |    19 |       ||    19
       Mace              |   150 |   138 ||   288
  Use: Scroll            |     4 |       ||     4
  Eat: Chunk             |       |     2 ||     2
